 Dungeon Crawl Stone Soup version 0.27.1-33-g824d729ab1 (webtiles) character file.

Game seed: 18330439902355419107

15 Urokeeper the Vexing (level 2, 0/19 HPs)
             Began as a Vampire Enchanter on Dec 21, 2021.
             Slain by a gnoll (10 damage)
             ... on level 1 of the Dungeon.
             The game lasted 00:01:52 (855 turns).

Urokeeper the Vexing (Vampire Enchanter)             Turns: 855, Time: 00:01:52

Health: 0/19       AC:  5    Str:  7    XL:     2   Next: 34%
Magic:  2/5        EV: 10    Int: 17    God:
Gold:   36         SH:  0    Dex: 14    Spells: 4/5 levels left

rFire    . . .     SeeInvis +   a - +1 dagger
rCold    . . .     Faith    .   (no shield)
rNeg     . . .     Spirit   .   d - +0 ring mail
rPois    .         Reflect  .   (no helmet)
rElec    .         Harm     .   (no cloak)
rCorr    .         Rampage  .   (no gloves)
Will     .....                  (no boots)
Stlth    ++........             (no amulet)
HPRegen  0.26/turn              (no ring)
MPRegen  0.09/turn              (no ring)

@: very slightly contaminated, healing quickly
A: alive, fangs 3, see invisible, vampiric 1
a: Exsanguinate


You were on level 1 of the Dungeon.
You visited 1 branch of the dungeon, and saw 1 of its levels.

You collected 36 gold pieces.

Inventory:

Hand Weapons
 a - a +1 dagger (weapon)
Armour
 b - a +0 robe
 d - a +0 ring mail (worn)
Scrolls
 c - a scroll of fear {unknown}


   Skills:
 + Level 2.7 Short Blades
 - Level 2.1 Dodging
 - Level 4.4 Stealth
 - Level 2.0 Spellcasting
 - Level 4.4 Hexes


You had 4 spell levels left.
You knew the following spells:

 Your Spells              Type           Power      Damage    Failure   Level
a - Corona                Hex            17%        N/A       12%         1

Your spell library contained the following spells:

 Spells                   Type           Power      Damage    Failure   Level
 Confusing Touch          Hex            16%        N/A       34%         3
 Tukima's Dance           Hex            16%        N/A       34%         3
 Ensorcelled Hibernation  Hex/Ice        18%        N/A       38%         2
 Dazzling Flash           Conj/Hex       18%        N/A       63%         3
 Passage of Golubria      Tloc           N/A        N/A       100%        4
 Yara's Violent Unravell  Hex/Tmut       4%         3d4       100%        5


Dungeon Overview and Level Annotations

Branches:
Dungeon (1/15)

Altars:

Shops:
D:1 (!=(


Innate Abilities, Weirdness & Mutations

Your natural rate of healing is accelerated.
You have razor-sharp teeth.
You have supernaturally acute eyesight. (SInv)
You are afflicted with vampirism.


Message History

The quokka twitches its whiskers.
You hit the gnoll.
The gnoll is lightly wounded.
The gnoll closely misses you.
You hit the gnoll.
The gnoll is lightly wounded.
You hit the gnoll but do no damage.
The gnoll is lightly wounded.
The gnoll barely misses you.
You hit the gnoll but do no damage.
The gnoll is lightly wounded.
The gnoll closely misses you.
You hit the gnoll.
The gnoll is moderately wounded.
The gnoll completely misses you.
You hit the gnoll.
The gnoll is moderately wounded.
The gnoll hits you with a +0 flail!
You hit the gnoll. You bite the gnoll.
The gnoll is severely wounded.
The gnoll hits you with a +0 flail.
You hit the gnoll.
The gnoll is almost dead.
The gnoll hits you but does no damage.
You barely miss the gnoll.
The gnoll is almost dead.
The gnoll stops glowing.
The gnoll hits you but does no damage.
You hit the gnoll but do no damage.
The gnoll is almost dead.
You hit the gnoll but do no damage.
The gnoll is almost dead.
The gnoll barely misses you.
Casting: Corona (safe; 12% risk of failure)
Confirm with . or Enter, or press ? or * to list all spells.
Aiming: Corona (safe; 12% risk of failure)
Press: ? - help, Shift-Dir - straight line, f/p - gnoll
Aim: a gnoll, wielding a +0 flail (almost dead, chance to affect: 62%)
The gnoll struggles to resist.
The gnoll hits you with a +0 flail!
Ouch! That really hurt!
You die...

≈ ≈..# #. #≈ #..## .# #.
#≈≈≈≈#≈..# .# #. ≈
≈≈≈#≈≈..## .# #. ≈≈ ≈≈≈
#...### .# #.
#≈#≈≈##..∩.∩## .## #.
≈≈≈#.......# ..##.#. ##
#≈#...∩.∩.###.......
..####........'.@gr......
..............####...#.##
.#####.......## .#...#
##.....## ## ..# #
#######...## ## #
#........## # #.######.##
#......# #.###..#


You could see a gnoll and a quokka.

Vanquished Creatures
  A dart slug (D:1)
  A bat (D:1)
  2 endoplasms (D:1)
  2 hobgoblins (D:1)
  A quokka (D:1)
  A ball python (D:1)
  A kobold (D:1)
  4 rats (D:1)
13 creatures vanquished.

Notes
Turn   | Place    | Note
-------+----------+-------------------------------------------
     0 | D:1      | Urokeeper the Vampire Enchanter began the quest for the
                  | Orb.
     0 | D:1      | Reached XP level 1. HP: 13/13 MP: 3/3
   151 | D:1      | Found Ashryeri's Jewellery Boutique.
   158 | D:1      | Found Zitiop's Antique Weapon Boutique.
   248 | D:1      | Reached XP level 2. HP: 13/19 MP: 5/5
   595 | D:1      | Found Gos Bue's Antique Weapon Boutique.
   800 | D:1      | Found Zesuz's Distillery.
   855 | D:1      | Slain by a gnoll

Illustrated notes

Levels and vault maps discovered:
D:1:      mrwooster_arrival_arrow, layout_loops_corners, serial_shops,
          nicolae_square_shop, shop_statue,
          nicolae_shop_competitors_out_of_business, shop, shop, minivault_4

Skill      XL: |  1 |
---------------+----+-----
Short Blades   | 2 |  2.7
Dodging        | |  2.1
Stealth        | |  4.4
Spellcasting   | |  2.0
Hexes          | |  4.4

Action                   || total
-------------------------++-------
Melee: Dagger            ||    56
       Bite              ||     3
 Cast: Corona            ||     2
 Stab: Sleeping          ||     5
Armor: Robe              ||     3
       Ring mail         ||     2
Dodge: Dodged            ||    22
